AA CENTRAL
TULSA DRILLERS @ CORPUS CHRISTI HOOKS
07/19/2041
 
TOP OF THE 1ST
Tulsa Drillers batting - Pitching for Corpus Christi Hooks : LHP Manolito Ayala
Pitching: LHP Manolito Ayala
Batting: RHB Alfredo Gutiérrez 0-0: Ball
1-0: Ball
2-0: Ball
3-0: Called Strike
3-1: Base on Balls
Batting: LHB Gene Owen 0-0: Grounds into double play, 4-6-3 (Groundball, 4M, EV 80.0 MPH)
Batting: RHB José Vázquez 0-0: Called Strike
0-1: Ball
1-1: Foul Ball, location: 2F
1-2: Strikes out swinging
Top of the 1st over - 0 runs, 0 hits, 0 errors, 0 left on base; Tulsa 0 - Corpus Christi 0
BOTTOM OF THE 1ST
Corpus Christi Hooks batting - Pitching for Tulsa Drillers : RHP Lúcio Burgos
Pitching: RHP Lúcio Burgos
Batting: SHB Ismael Gonzáles 0-0: Ball
1-0: Called Strike
1-1: Swinging Strike
1-2: Foul Ball, location: 5SF
1-2: Fly out, F8 (Flyball, 8RD, EV 93.8 MPH)
Batting: RHB Jerry Herring 0-0: Foul Ball, location: 2F
0-1: Ball
1-1: Called Strike
1-2: Strikes out swinging
Batting: RHB Jorge Guzmán 0-0: Ball
1-0: Ball
2-0: Ball
3-0: Base on Balls
Batting: RHB Tony Hernández 0-0: Fielders Choice at 2nd, 6-4 (Groundball, 56, EV 107.5 MPH)
Bottom of the 1st over - 0 runs, 0 hits, 0 errors, 1 left on base; Tulsa 0 - Corpus Christi 0
TOP OF THE 2ND
Tulsa Drillers batting - Pitching for Corpus Christi Hooks : LHP Manolito Ayala
Batting: RHB Ron Richardson 0-0: Called Strike
0-1: Foul Ball, location: 7LMF
0-2: Strikes out swinging
Batting: RHB Aodhán Drinkall 0-0: SINGLE (Line Drive, 89S, EV 98.1 MPH)
Batting: RHB Tim Bi 0-0: Ball
1-0: Foul Ball, location: 2LF
1-1: Ball
2-1: Ball
3-1: Base on Balls
Aodhán Drinkall to second
Batting: LHB José Valdéz 0-0: Called Strike
0-1: Ball
1-1: Ball
2-1: Ball
3-1: Base on Balls
Aodhán Drinkall to third
Tim Bi to second
Batting: RHB Greg Tillett 0-0: Called Strike
0-1: Called Strike
0-2: Ball
1-2: Ball
2-2: Foul Ball, location: 9LSF
2-2: Ball
3-2: Base on Balls
Aodhán Drinkall scores
Tim Bi to third
José Valdéz to second
Batting: RHB Jesús Rodríguez 0-0: Ball
1-0: Called Strike
1-1: Foul Ball, location: 3FF
1-2: Hit by Pitch
Tim Bi scores
José Valdéz to third
Greg Tillett to second
Batting: RHB Alfredo Gutiérrez 0-0: Ball
1-0: Ball
2-0: Fly out, F9 (Line Drive, 9, EV 91.9 MPH)
Batting: LHB Gene Owen 0-0: Swinging Strike
0-1: Called Strike
0-2: Foul Ball, location: 2F
0-2: Strikes out looking
Top of the 2nd over - 2 runs, 1 hit, 0 errors, 3 left on base; Tulsa 2 - Corpus Christi 0
BOTTOM OF THE 2ND
Corpus Christi Hooks batting - Pitching for Tulsa Drillers : RHP Lúcio Burgos
Batting: LHB Josh Brown 0-0: Ball
1-0: Foul Ball, location: 2F
1-1: Called Strike
1-2: Ball
2-2: Fly out, F8 (Flyball, 8LD, EV 101.3 MPH)
Batting: RHB Baden Jiang 0-0: Ball
1-0: Called Strike
1-1: Ground out 4-3 (Groundball, 4, EV 86.9 MPH)
Batting: SHB Pjotr de Zeeuw 0-0: Called Strike
0-1: Ball
1-1: Ball
2-1: Ball
3-1: Called Strike
3-2: Ground out U3 (Groundball, 34, EV 78.8 MPH)
Bottom of the 2nd over - 0 runs, 0 hits, 0 errors, 0 left on base; Tulsa 2 - Corpus Christi 0
TOP OF THE 3RD
Tulsa Drillers batting - Pitching for Corpus Christi Hooks : LHP Manolito Ayala
Batting: RHB José Vázquez 0-0: Ball
1-0: Swinging Strike
1-1: Ball
2-1: Ball
3-1: Base on Balls
Batting: RHB Ron Richardson 0-0: Fielders Choice at 2nd, 2-6 (Groundball, 2R, EV 64.4 MPH)
Batting: RHB Aodhán Drinkall 0-0: Ball
1-0: Fly out, F6 (Popup, P, EV 81.9 MPH)
Batting: RHB Tim Bi 0-0: Called Strike
0-1: Ball
1-1: Ball
2-1: Foul Ball, location: 9LSF
2-2: Ball
3-2: Strikes out swinging
Top of the 3rd over - 0 runs, 0 hits, 0 errors, 1 left on base; Tulsa 2 - Corpus Christi 0
BOTTOM OF THE 3RD
Corpus Christi Hooks batting - Pitching for Tulsa Drillers : RHP Lúcio Burgos
Batting: RHB Dave King 0-0: Ball
1-0: Fly out, F4 (Popup, 34D, EV 46.3 MPH)
Batting: RHB António Elías 0-0: Ball
1-0: Ball
2-0: Ball
3-0: Called Strike
3-1: Base on Balls
Batting: SHB Ismael Gonzáles 0-0: Ball
1-0: Ball
2-0: Foul Ball, location: 2F
2-1: Swinging Strike
2-2: Foul Ball, location: 3F, Error on foul ball, E3
2-2: Foul Ball, location: 2F
2-2: TRIPLE (Flyball, 9LD, EV 110.0 MPH)
António Elías scores
Batting: RHB Jerry Herring 0-0: Ball
1-0: Foul Ball, location: 2F
1-1: Fly out, F6 (Line Drive, 6, EV 75.0 MPH)
Batting: RHB Jorge Guzmán 0-0: Ball
1-0: Ball
Wild Pitch!
Ismael Gonzáles scores
2-0: Called Strike
2-1: Ball
3-1: Fly out, F9 (Flyball, 9D, EV 104.4 MPH)
Bottom of the 3rd over - 2 runs, 1 hit, 1 error, 0 left on base; Tulsa 2 - Corpus Christi 2
TOP OF THE 4TH
Tulsa Drillers batting - Pitching for Corpus Christi Hooks : LHP Manolito Ayala
Batting: LHB José Valdéz 0-0: Called Strike
0-1: Ball
1-1: Foul Ball, location: 3F
1-2: Ball
2-2: Ball
3-2: Foul Ball, location: 25FF
3-2: Foul Ball, location: 23F
3-2: Ground out 1-3 (Groundball, 34S, EV 68.8 MPH)
Batting: RHB Greg Tillett 0-0: Ball
1-0: Foul Ball, location: 9LDF
1-1: Fly out, F9 (Flyball, 89D, EV 94.4 MPH)
Batting: RHB Jesús Rodríguez 0-0: SOLO HOME RUN (Flyball, 78XD, EV 100.6 MPH), Distance : 416 ft
Batting: RHB Alfredo Gutiérrez 0-0: Called Strike
0-1: Ball
1-1: SINGLE (Groundball, 34D, EV 95.0 MPH)
Batting: LHB Gene Owen 0-0: Ball
1-0: Ball
Alfredo Gutiérrez is caught stealing 2nd base 2-6
Top of the 4th over - 1 run, 2 hits, 0 errors, 0 left on base; Tulsa 3 - Corpus Christi 2
BOTTOM OF THE 4TH
Corpus Christi Hooks batting - Pitching for Tulsa Drillers : RHP Lúcio Burgos
Batting: RHB Tony Hernández 0-0: Called Strike
0-1: Ball
1-1: Ball
2-1: Ball
3-1: Called Strike
3-2: SINGLE (Line Drive, 6MD, EV 95.6 MPH)
Batting: LHB Josh Brown 0-0: Called Strike
0-1: Ball
1-1: Called Strike
1-2: Strikes out swinging
Batting: RHB Baden Jiang 0-0: Ball
1-0: Called Strike
1-1: Swinging Strike
1-2: Ball
2-2: Strikes out looking
Batting: SHB Pjotr de Zeeuw 0-0: Called Strike
0-1: Ball
1-1: Foul Ball, location: 23F
1-2: Fly out, F8 (Flyball, 8RXD, EV 104.4 MPH)
Bottom of the 4th over - 0 runs, 1 hit, 0 errors, 1 left on base; Tulsa 3 - Corpus Christi 2
TOP OF THE 5TH
Tulsa Drillers batting - Pitching for Corpus Christi Hooks : LHP Manolito Ayala
Batting: LHB Gene Owen 0-0: Foul Ball, location: 2F
0-1: Ball
1-1: Called Strike
1-2: Strikes out swinging
Batting: RHB José Vázquez 0-0: Called Strike
0-1: Swinging Strike
0-2: Ball
1-2: Ground out 3-1 (Groundball, 34S, EV 81.9 MPH)
Batting: RHB Ron Richardson 0-0: Fly out, F9 (Flyball, 9, EV 82.5 MPH)
Top of the 5th over - 0 runs, 0 hits, 0 errors, 0 left on base; Tulsa 3 - Corpus Christi 2
BOTTOM OF THE 5TH
Corpus Christi Hooks batting - Pitching for Tulsa Drillers : RHP Lúcio Burgos
Batting: RHB Dave King 0-0: Ball
1-0: Ball
2-0: Ball
3-0: Base on Balls
Batting: RHB António Elías 0-0: Sac Bunt to P - play at first, batter OUT! 1-3
Dave King to second
Batting: SHB Ismael Gonzáles 0-0: Ball
1-0: Called Strike
Dave King steals 3rd base (no throw)
1-1: Foul Ball, location: 7LMF
1-2: Fly out, F2 (Popup, 15S, EV 85.0 MPH)
Batting: RHB Jerry Herring 0-0: Called Strike
0-1: Called Strike
0-2: Ball
1-2: Foul Ball, location: 9LMF
1-2: DOUBLE (Line Drive, 7LM, EV 105.0 MPH)
Dave King scores
Batting: RHB Jorge Guzmán 0-0: Called Strike
0-1: Ball
1-1: Called Strike
1-2: Ball
2-2: DOUBLE (Flyball, 78D, EV 87.5 MPH)
Jerry Herring scores
Batting: RHB Tony Hernández 0-0: Called Strike
0-1: Ground out 5-3 (Groundball, 56, EV 85.6 MPH)
Bottom of the 5th over - 2 runs, 2 hits, 0 errors, 1 left on base; Tulsa 3 - Corpus Christi 4
TOP OF THE 6TH
Tulsa Drillers batting - Pitching for Corpus Christi Hooks : LHP Manolito Ayala
Pitching: RHP José Sotelo
Batting: RHB Aodhán Drinkall 0-0: Ball
1-0: Foul Ball, location: 2F
1-1: Ball
2-1: Foul Ball, location: 23FF
2-2: Foul Ball, location: 2F
2-2: Ball
3-2: Base on Balls
Batting: RHB Tim Bi 0-0: Ball
1-0: SINGLE (Groundball, 6, EV 80.6 MPH)
Aodhán Drinkall to second
Batting: LHB José Valdéz 0-0: Called Strike
0-1: Foul Ball, location: 25F
0-2: Foul Ball, location: 2F
0-2: Ball
1-2: Grounds into double play, 6-4-3 (Groundball, 6, EV 98.8 MPH)
Aodhán Drinkall to third
Batting: RHB Greg Tillett 0-0: Ball
1-0: Ball
2-0: Called Strike
2-1: Ball
3-1: Base on Balls
Batting: RHB Jesús Rodríguez 0-0: Swinging Strike
0-1: Foul Ball, location: 5FF
0-2: Foul Ball, location: 2F
0-2: Strikes out swinging
Top of the 6th over - 0 runs, 1 hit, 0 errors, 2 left on base; Tulsa 3 - Corpus Christi 4
BOTTOM OF THE 6TH
Corpus Christi Hooks batting - Pitching for Tulsa Drillers : RHP Lúcio Burgos
Pitching: RHP José Martínez
Batting: LHB Josh Brown 0-0: Ground out 1-3 (Groundball, 15S, EV 76.9 MPH)
Batting: RHB Baden Jiang 0-0: Ball
1-0: Foul Ball, location: 2F
1-1: Ball
2-1: Swinging Strike
2-2: Ball
3-2: Foul Ball, location: 5F
3-2: Strikes out looking
Batting: SHB Pjotr de Zeeuw 0-0: Foul Ball, location: 5FF
0-1: SINGLE (Groundball, 4S, EV 68.1 MPH) (infield hit)
Batting: RHB Dave King 0-0: SINGLE (Line Drive, 8LS, EV 100.0 MPH)
Pjotr de Zeeuw to second
Batting: RHB António Elías 0-0: Called Strike
0-1: Ball
1-1: Called Strike
1-2: Ball
2-2: Foul Ball, location: 2F
2-2: Foul Ball, location: 7LSF
2-2: 3-RUN HOME RUN (Flyball, 9D, EV 98.8 MPH), Distance : 357 ft
Pitching: RHP Kip Spencer
Batting: SHB Ismael Gonzáles 0-0: SINGLE (Line Drive, 8LS, EV 93.8 MPH)
Batting: RHB Jerry Herring 0-0: Ball
1-0: Called Strike
1-1: Ball
2-1: DOUBLE (Flyball, 8LXD, EV 106.3 MPH)
Ismael Gonzáles to third
Runner from 3rd tries for Home, SAFE, throw by CF to home
Batting: RHB Jorge Guzmán 0-0: Ball
1-0: Swinging Strike
1-1: Ball
2-1: Foul Ball, location: 2F
2-2: Ball
3-2: Foul Ball, location: 2LF
3-2: Strikes out looking
Bottom of the 6th over - 4 runs, 5 hits, 0 errors, 1 left on base; Tulsa 3 - Corpus Christi 8
TOP OF THE 7TH
Tulsa Drillers batting - Pitching for Corpus Christi Hooks : RHP José Sotelo
Batting: RHB Alfredo Gutiérrez 0-0: Ball
1-0: Ground out 4-3 (Groundball, 4, EV 85.0 MPH)
Batting: LHB Gene Owen 0-0: Ball
1-0: SINGLE (Groundball, 2L, EV 70.0 MPH) (infield hit)
Batting: RHB José Vázquez 0-0: Foul Ball, location: 9LDF
0-1: Ball
1-1: Ball
2-1: Ball
3-1: Base on Balls
Gene Owen to second
Batting: RHB Ron Richardson 0-0: Foul Ball, location: 25F
0-1: Swinging Strike
0-2: Ball
1-2: Ball
2-2: TRIPLE (Line Drive, 89XD, EV 96.9 MPH)
Gene Owen scores
José Vázquez scores
Batting: RHB Aodhán Drinkall 0-0: Ball
1-0: Ball
2-0: Ball
3-0: Base on Balls
Batting: RHB Tim Bi 0-0: Called Strike
0-1: Foul Ball, location: 2F
0-2: Ball
1-2: Foul Ball, location: 5F
1-2: Strikes out looking
Pitching: RHP Jesús Galindo
Batting: LHB José Valdéz 0-0: Called Strike
0-1: Swinging Strike
0-2: SINGLE (Groundball, 23, EV 69.4 MPH) (infield hit)
Ron Richardson scores
Aodhán Drinkall to second
Batting: RHB Greg Tillett 0-0: Ball
1-0: Ball
2-0: Called Strike
2-1: Ball
3-1: Base on Balls
Aodhán Drinkall to third
José Valdéz to second
Batting: RHB Jesús Rodríguez 0-0: Ball
1-0: Swinging Strike
1-1: Ball
2-1: Foul Ball, location: 7LSF
2-2: Strikes out swinging
Top of the 7th over - 3 runs, 3 hits, 0 errors, 3 left on base; Tulsa 6 - Corpus Christi 8
BOTTOM OF THE 7TH
Corpus Christi Hooks batting - Pitching for Tulsa Drillers : RHP Kip Spencer
Batting: RHB Tony Hernández 0-0: Ball
1-0: Ball
2-0: Called Strike
2-1: Ground out 2-3 (Groundball, 15S, EV 68.1 MPH)
Batting: LHB Josh Brown 0-0: Called Strike
0-1: Called Strike
0-2: Strikes out swinging
Batting: RHB Baden Jiang 0-0: Ground out 5-3 (Groundball, 56S, EV 89.4 MPH)
Bottom of the 7th over - 0 runs, 0 hits, 0 errors, 0 left on base; Tulsa 6 - Corpus Christi 8
TOP OF THE 8TH
Tulsa Drillers batting - Pitching for Corpus Christi Hooks : RHP Jesús Galindo
Batting: RHB Alfredo Gutiérrez 0-0: Ball
1-0: Foul Ball, location: 2F
1-1: Fly out, F8 (Flyball, 78M, EV 80.6 MPH)
Batting: LHB Gene Owen 0-0: Foul Ball, location: 2F
0-1: DOUBLE (Line Drive, 7LM, EV 101.3 MPH)
Batting: RHB José Vázquez 0-0: Ball
1-0: Ball
2-0: Ball
3-0: Swinging Strike
3-1: Foul Ball, location: 9LDF
3-2: Strikes out swinging
Batting: RHB Ron Richardson 0-0: Ball
1-0: Foul Ball, location: 3F
1-1: Swinging Strike
1-2: Ball
2-2: Ball
Wild Pitch!
Gene Owen to third
3-2: Fly out, F9 (Flyball, 9D, EV 96.9 MPH)
Top of the 8th over - 0 runs, 1 hit, 0 errors, 1 left on base; Tulsa 6 - Corpus Christi 8
BOTTOM OF THE 8TH
Corpus Christi Hooks batting - Pitching for Tulsa Drillers : RHP Kip Spencer
Batting: SHB Pjotr de Zeeuw 0-0: Called Strike
0-1: Foul Ball, location: 2F
0-2: Ball
1-2: Ball
2-2: Ball
3-2: Fly out, F9 (Flyball, 9, EV 98.1 MPH)
Batting: RHB Dave King 0-0: SINGLE (Line Drive, 34D, EV 108.1 MPH)
Batting: RHB António Elías 0-0: Ball
1-0: Grounds into double play, 5-4-3 (Groundball, 56, EV 90.6 MPH)
Bottom of the 8th over - 0 runs, 1 hit, 0 errors, 0 left on base; Tulsa 6 - Corpus Christi 8
TOP OF THE 9TH
Tulsa Drillers batting - Pitching for Corpus Christi Hooks : RHP Jesús Galindo
Now at 1B: Elijah Bailey
Batting: RHB Aodhán Drinkall 0-0: Ball
1-0: Called Strike
1-1: Ground out 1-3 (Groundball, 15S, EV 63.8 MPH)
Batting: RHB Tim Bi 0-0: SOLO HOME RUN (Flyball, 9LD, EV 95.0 MPH), Distance : 334 ft
Batting: LHB José Valdéz 0-0: Swinging Strike
0-1: Called Strike
0-2: Ground out 4-3 (Groundball, 34D, EV 97.5 MPH)
Pinch Hitting: SHB Luis Manuel Zamora 0-0: Ball
1-0: Ball
2-0: Foul Ball, location: 3DF
2-1: Foul Ball, location: 7LSFF
2-2: Strikes out swinging
Top of the 9th over - 1 run, 1 hit, 0 errors, 0 left on base; Tulsa 7 - Corpus Christi 8
Monday, April 1st , 2024 - OOTP Baseball 24.10 Build 82